 Dungeon Crawl Stone Soup version 0.27.0-65-ge2af304b15 (webtiles) character file.

Game seed: 280574490646420473

141 Kinoniko the Poker (level 5, -1/61 HPs)
             Began as a Demonspawn Berserker on Aug 19, 2021.
             Was a Believer of Trog.
             Succumbed to Sigmund's poison
             ... on level 4 of the Dungeon.
             The game lasted 00:02:46 (2719 turns).

Kinoniko the Poker (Demonspawn Berserker)           Turns: 2719, Time: 00:02:47

Health: -1/61      AC: 12    Str: 19    XL:     5   Next: 3%
Magic:  5/5        EV: 11    Int:  8    God:    Trog [**....]
Gold:   159        SH:  0    Dex: 12    Spells: 4/4 levels left

rFire    . . .     SeeInvis .   k - +0 trident (freeze)
rCold    . . .     Faith    .   (no shield)
rNeg     . . .     Spirit   .   e - +1 chain mail
rPois    .         Reflect  .   r - +2 helmet
rElec    .         Harm     .   (no cloak)
rCorr    .         Rampage  .   (no gloves)
Will     .....                  (no boots)
Stlth    ..........             o - amulet of regeneration
HPRegen  1.20/turn              f - +4 ring of evasion
MPRegen  0.09/turn              (no ring)

@: berserking, lethally poisoned (-1 -> -28), very quick
A: claws 2
a: Renounce Religion, Berserk, Trog's Hand


You were on level 4 of the Dungeon.
You worshipped Trog.
Trog was pleased with you.
You visited 1 branch of the dungeon, and saw 4 of its levels.

You collected 159 gold pieces.

Inventory:

Hand Weapons
 k - a +0 trident of freezing (weapon)
Armour
 e - a +1 chain mail (worn)
 r - a +2 helmet (worn)
Jewellery
 f - a +4 ring of evasion (left claw)
 o - an amulet of regeneration (around neck)
Potions
 a - a potion of degeneration {unknown}
 b - 2 potions of heal wounds {unknown}
 c - 2 potions of curing
 d - a potion of mutation {unknown}
 h - a potion of berserk rage {unknown}
 j - a potion of flight {unknown}
 l - a potion of attraction {unknown}
 n - a potion of brilliance {unknown}


   Skills:
 - Level 3.0 Fighting
 - Level 3.5(4.2) Axes
 * Level 3.6(4.3) Polearms
 - Level 1.7 Armour
 - Level 1.7 Dodging


You had 4 spell levels left.
You didn't know any spells.
Your spell library was empty.

Dungeon Overview and Level Annotations

Branches:
Dungeon (4/15)
 Temple: D:4-7

Altars:
The Shining One

Annotations:
D:4 Sigmund


Innate Abilities, Weirdness & Mutations

You have very sharp fingernails.


Message History

Found a hand axe.
You see here a +0 hand axe.
You now have 159 gold pieces (gained 12).
Sigmund the Dreaded comes into view.
He is wielding a +4 scythe of venom.
Sigmund drinks a potion.
Sigmund flickers and vanishes!
Deactivating autopickup; reactivate with Ctrl-A.
There is a strange disturbance nearby!
No target in view!
No target in view!
Something hits you!
You are poisoned.
You feel very sick.
You hear some strange, mumbled words.
A puff of flame appears from out of thin air!
The puff of flame hits you.
You hit something. You freeze something.
You feel sick.
You hear some strange, mumbled words.
You are confused.
Something hits you but does no damage.
You are more poisoned.
You miss something.
You feel very sick. Something hits you but does no damage.
You are more poisoned.
Okay, then.
It was a potion of curing.
You feel better. Something hits you!
A red film seems to cover your vision as you go berserk!
You feel yourself moving faster!
You feel mighty! Something hits you.
You miss something. You miss something.
You hear some strange, mumbled words.
A puff of flame appears from out of thin air!
The puff of flame hits you but does no damage.
You barely miss something. Something hits you!
You are poisoned.
You miss something.
You feel sick. Something hits you!
* * * LOW HITPOINT WARNING * * *
You are lethally poisoned!
You closely miss something.
You die...

#.##......
#####..#......
#....#.#......
#....#..##.#..
#....##.##.#.#
#....##..#.#.#
###########....###.#.#.#
........................
#######@###....####..#.#
#{# ###### #..#.. #..
#..#.. #... #..#.. #....
#..#.. #..... #..#..
#.....# ##..#.. #......
...#.. ... #.#..


There were no monsters in sight!

Vanquished Creatures
  A jelly (D:4)
  An iguana (D:4)
  An orc wizard (D:3)
  An adder (D:3)
  5 dart slugs
  3 orcs
  2 bats
  4 endoplasms
  A giant cockroach (D:2)
  2 goblins
  4 hobgoblins
  3 jackals (D:2)
  2 quokkas
  A ball python (D:2)
  3 frilled lizards
  A kobold (D:1)
  3 rats (D:3)
  2 bushes (D:2)
40 creatures vanquished.

Vanquished Creatures (others)
  A fungus (D:1)
  5 plants (D:2)
6 creatures vanquished.

Grand Total: 46 creatures vanquished

Notes
Turn   | Place    | Note
-------+----------+-------------------------------------------
     0 | D:1      | Kinoniko the Demonspawn Berserker began the quest for the
                  | Orb.
     0 | D:1      | Reached XP level 1. HP: 18/18 MP: 1/1
   255 | D:1      | Gained mutation: You have sharp fingernails. [demonic
                  | ancestry]
   255 | D:1      | Reached XP level 2. HP: 24/24 MP: 2/2
   664 | D:1      | Found a faded altar of an unknown god.
   850 | D:2      | Reached skill level 1 in Polearms
   875 | D:2      | Reached XP level 3. HP: 21/29 MP: 3/3
  1692 | D:3      | Gained mutation: You have very sharp fingernails. [demonic
                  | ancestry]
  1692 | D:3      | Reached XP level 4. HP: 35/35 MP: 4/4
  1780 | D:3      | Reached ** piety under Trog
  2648 | D:4      | Reached XP level 5. HP: 41/41 MP: 5/5
  2701 | D:4      | Noticed Sigmund
  2719 | D:4      | Succumbed to Sigmund's poison

Illustrated notes

Levels and vault maps discovered:
D:1:      minmay_arrival_stone_box, layout_basic,
          shapermc_ecumenical_altar_hornbeckon, roderic_cross_of_infinity
D:2:      layout_rooms, serial_forest, infiniplex_forest_clump_small,
          infiniplex_forest_end_1, infiniplex_forest_end_3,
          infiniplex_forest_end_3, infiniplex_forest_end_2,
          infiniplex_forest_end_2, infiniplex_forest_clump_tiny, basic_altar
D:3:      layout_basic
D:4:      layout_basic, kennysheep_generic_room_12, uniq_natasha, uniq_grinder,
          uniq_sigmund, uniq_duvessa

Skill      XL: |  1  2  3  4 |
---------------+-------------+-----
Axes           | 3 |  3.5
Polearms       | 1 2 3 |  3.6
Fighting       | |  3.0
Armour         | |  1.7
Dodging        | |  1.7

Action                   |  1- 3 |  4- 6 || total
-------------------------+-------+-------++-------
Melee: Hand axe          |    29 |       ||    29
       Trident           |   133 |    31 ||   164
Invok: Berserk           |       |     1 ||     1
  Use: Scroll            |       |     7 ||     7
       Potion            |       |     1 ||     1
Armor: Animal skin       |     4 |       ||     4
       Chain mail        |    44 |    12 ||    56
Dodge: Dodged            |    35 |     1 ||    36
